[Event "Polgar Challenge 2021"]
[Site "Online"]
[Date "2021.04.04"]
[Round "18.6"]
[White "Salimova, Nurgyul"]
[Black "Abdumalik, Zhansaya"]
[Result "1-0"]
[ECO "D02"]
[WhiteElo "2397"]
[BlackElo "2472"]
[Annotator "ChessBase"]
[PlyCount "79"]
[EventDate "2021.04.08"]
[EventType "tourn"]
[EventCountry "NET"]
[SourceTitle "playchess.com"]
[Source "ChessBase"]
[SourceQuality "1"]
[TimeControl "600+5"]

1. d4 Nf6 2. Nf3 g6 3. Nbd2 d5 4. e3 Bg7 5. b4 a5 6. b5 c5 7. bxc6 Nxc6 8. Be2 O-O 9. O-O Bf5 10. a3 Rc8 11. c4 Re8 12. Bb2 Qb6 13. Ra2 dxc4 14. Bxc4 h6 15. d5 Nb8 16. Bd4 Qd8 17. Qb3 Ne4 18. Bxg7 Kxg7 19. Nd4 Nc5 20. Nxf5+ gxf5 21. Qb2+ f6 22. Nf3 Rg8 23. Nd4 Qd7 24. Qb1 Ne4 25. Rc2 Na6 26. Rfc1 Nac5 27. Bb5 Qxd5 28. f3 Ng5 29. Bc4 Qe5 30. Re2 Nge6 31. f4 Nxf4 32. Nxf5+ Kh8 33. exf4 Qxf4 34. Bxg8 Rxg8 35. Rxc5 e6 36. Qf1 Qg4 37. Nxh6 Qd4+ 38. Kh1 Rg6 39. Rc8+ Kg7 40. Rg8+ 1-0

[Event "Polgar Challenge 2021"]
[Site "Online"]
[Date "2021.04.04"]
[Round "18.8"]
[White "Liang, Awonder"]
[Black "Keymer, Vincent"]
[Result "0-1"]
[ECO "B17"]
[WhiteElo "2592"]
[BlackElo "2591"]
[Annotator "ChessBase"]
[PlyCount "98"]
[EventDate "2021.04.08"]
[EventType "tourn"]
[EventCountry "NET"]
[SourceTitle "playchess.com"]
[Source "ChessBase"]
[SourceQuality "1"]
[TimeControl "600+5"]

1. e4 c6 2. Nc3 d5 3. Nf3 dxe4 4. Nxe4 Nf6 5. Ng3 g6 6. d4 Bg7 7. Bc4 O-O 8. O-O Nbd7 9. Re1 Nb6 10. Bb3 a5 11. c3 a4 12. Bc2 Bg4 13. h3 Bxf3 14. Qxf3 Re8 15. Bf4 Ra5 16. Rad1 Nc4 17. b3 axb3 18. axb3 Nb6 19. Ne4 Nxe4 20. Bxe4 Ra3 21. Bc2 e6 22. Be5 Nd5 23. Bxg7 Kxg7 24. c4 Nf6 25. Qc3 Qa5 26. Qg3 Ra2 27. Bb1 Rd2 28. Qe5 Qc3 29. Rxd2 Qxd2 30. Re3 Qd1+ 31. Kh2 Qh5 32. Qg3 Rd8 33. Qf4 Qh6 34. Qe5 Qh5 35. Qf4 Qd1 36. Bd3 Qa1 37. d5 cxd5 38. c5 Qa7 39. Qd4 Qb8+ 40. f4 h6 41. g4 g5 42. Re5 Kg8 43. Re2 Qxf4+ 44. Qxf4 gxf4 45. Ra2 Nd7 46. b4 b6 47. c6 Ne5 48. Bb5 Rc8 49. Rc2 Nf3+ 0-1

[Event "Polgar Challenge 2021"]
[Site "Online"]
[Date "2021.04.04"]
[Round "18.9"]
[White "Yoo, Christopher Woojin"]
[Black "Gukesh D"]
[Result "0-1"]
[ECO "D38"]
[WhiteElo "2455"]
[BlackElo "2578"]
[Annotator "ChessBase"]
[PlyCount "114"]
[EventDate "2021.04.08"]
[EventType "tourn"]
[EventCountry "NET"]
[SourceTitle "playchess.com"]
[Source "ChessBase"]
[SourceQuality "1"]
[TimeControl "600+5"]

1. d4 Nf6 2. Nf3 d5 3. c4 e6 4. Nc3 Bb4 5. Qb3 c5 6. dxc5 Nc6 7. Bg5 O-O 8. e3 h6 9. Bxf6 Qxf6 10. cxd5 exd5 11. Bb5 d4 12. Bxc6 dxc3 13. Qxb4 cxb2 14. Rb1 bxc6 15. O-O Ba6 16. Rfe1 Rab8 17. Qa3 Bc4 18. Nd4 Qg5 19. Rxb2 Rxb2 20. Qxb2 Qxc5 21. Qc3 Rb8 22. a3 f6 23. e4 Re8 24. h3 Kh8 25. Nf5 Rd8 26. Ne3 Rd4 27. Rc1 Qe5 28. Nxc4 Rd1+ 29. Rxd1 Qxc3 30. Ne3 Qxa3 31. Nf5 Qa5 32. Nd6 Kg8 33. h4 Qa4 34. Rc1 h5 35. g3 a5 36. Kg2 Qd4 37. Rxc6 a4 38. Ra6 a3 39. Rxa3 Qxd6 40. Re3 Qe5 41. Kg1 Kh7 42. Kg2 Kg6 43. Kg1 Kf7 44. Kg2 Ke6 45. Kg1 Qd4 46. Kg2 Ke5 47. Kg1 Qd1+ 48. Kg2 Kd4 49. e5 fxe5 50. Rf3 Qc2 51. Rf7 Qc6+ 52. Kg1 g6 53. Kh2 Kd3 54. Kg1 Ke2 55. Rf8 Qc1+ 56. Kh2 Qc5 57. Kg2 Qxf8 0-1

[Event "Polgar Challenge 2021"]
[Site "Online"]
[Date "2021.04.04"]
[Round "18.10"]
[White "Shuvalova, Polina"]
[Black "Bjerre, Jonas Buhl"]
[Result "0-1"]
[ECO "D38"]
[WhiteElo "2476"]
[BlackElo "2550"]
[Annotator "RC"]
[PlyCount "176"]
[EventDate "2021.04.08"]
[EventType "tourn"]
[EventCountry "NET"]
[SourceTitle "playchess.com"]
[Source "ChessBase"]
[SourceQuality "1"]
[TimeControl "600+5"]

1. d4 Nf6 2. c4 e6 3. Nf3 d5 4. Nc3 Bb4 5. Qb3 c5 6. dxc5 Nc6 7. Bg5 Qa5 8. Bxf6 dxc4 9. Qxc4 gxf6 10. g3 Qxc5 11. Qxc5 Bxc5 12. Bg2 Bd7 13. O-O O-O-O 14. Rac1 Be7 15. Rfd1 Kb8 16. a3 f5 17. e3 Bc8 18. h4 h6 19. Nb5 a6 20. Nbd4 Nxd4 21. exd4 f4 22. gxf4 Rhg8 23. Ne5 f6 24. Nc4 Bd7 25. Ne3 Bd6 26. f5 exf5 27. Nc4 Bf4 28. Rc3 Ba4 29. Rdd3 Bc6 30. f3 Rg7 31. Kf1 Rgd7 32. Bh3 Rxd4 33. Rxd4 Rxd4 34. Bxf5 Bc7 35. h5 Rf4 36. Bg4 f5 37. Bh3 Bxf3 38. Ke1 Bxh5 39. Ne3 Be5 40. Rb3 Bf7 41. Rd3 Bxb2 42. Nxf5 Be6 43. Nd6 Bxh3 44. Rxh3 Rf6 45. Nc4 Bd4 46. Kd2 b5 47. Na5 Bc5 48. Kc2 Bb6 49. Nb3 Rc6+ 50. Kb2 Re6 51. Nc1 Bd4+ 52. Ka2 Kb7 53. a4 b4 54. Rh4 Bc3 55. Nd3 Rd6 56. Nc5+ Kb6 57. Ne4 Rc6 58. Kb3 a5 59. Rh5 Bd4 60. Rd5 Be3 61. Rb5+ Ka6 62. Re5 Bd4 63. Rd5 Bb6 64. Rh5 Re6 65. Nd2 Re3+ 66. Kc2 Rc3+ 67. Kb2 Be3 68. Nb3 Bg5 69. Rh2 Re3 70. Rc2 Kb6 71. Rf2 Re5 72. Rf8 Re2+ 73. Kb1 Re5 74. Rb8+ Kc6 75. Ra8 h5 76. Nxa5+ Kd5 77. Nb7 Kc4 78. Na5+ Kd3 79. Nc6 Re4 80. a5 Bf6 81. Rf8 Bc3 82. Ka2 Kc4 83. Rf2 Kb5 84. Na7+ Kxa5 85. Nc8 Re6 86. Rf5+ Ka4 87. Rf2 b3+ 88. Kb1 Re1# 0-1

[Event "Polgar Challenge 2021"]
[Site "Online"]
[Date "2021.04.04"]
[Round "19.1"]
[White "Bjerre, Jonas Buhl"]
[Black "Zhu, Jiner"]
[Result "0-1"]
[ECO "E07"]
[WhiteElo "2550"]
[BlackElo "2459"]
[Annotator "ChessBase"]
[PlyCount "72"]
[EventDate "2021.04.08"]
[EventType "tourn"]
[EventCountry "NET"]
[SourceTitle "playchess.com"]
[Source "ChessBase"]
[SourceQuality "1"]
[TimeControl "600+5"]

1. d4 Nf6 2. c4 e6 3. Nf3 d5 4. g3 Bb4+ 5. Bd2 Be7 6. Bg2 O-O 7. O-O c6 8. Bf4 Nbd7 9. Nc3 dxc4 10. e4 a5 11. a4 b5 12. axb5 cxb5 13. d5 exd5 14. exd5 Bc5 15. Nxb5 Qb6 16. Nfd4 Ne8 17. d6 Rb8 18. Qd2 Ba6 19. Bc6 Nef6 20. Rxa5 c3 21. Qxc3 Bxb5 22. Rxb5 Bxd4 23. Rxb6 Bxc3 24. Rxb8 Nxb8 25. bxc3 Nxc6 26. c4 h6 27. Ra1 Rc8 28. Ra4 Kf8 29. Ra6 Ke8 30. Rb6 Nd7 31. Rb7 Na5 32. Rb1 Nxc4 33. Re1+ Kf8 34. Re7 Ncb6 35. Be3 Rc6 36. Bxb6 Nxb6 0-1

[Event "Polgar Challenge 2021"]
[Site "Online"]
[Date "2021.04.04"]
[Round "19.2"]
[White "Gukesh D"]
[Black "Shuvalova, Polina"]
[Result "1-0"]
[ECO "D02"]
[WhiteElo "2578"]
[BlackElo "2476"]
[Annotator "ChessBase"]
[PlyCount "101"]
[EventDate "2021.04.08"]
[EventType "tourn"]
[EventCountry "NET"]
[SourceTitle "playchess.com"]
[Source "ChessBase"]
[SourceQuality "1"]
[TimeControl "600+5"]

1. d4 Nf6 2. Nf3 e6 3. Bf4 d5 4. e3 Bd6 5. Nbd2 O-O 6. Bd3 Bxf4 7. exf4 b6 8. Qe2 c5 9. c3 Nc6 10. Ne5 Bb7 11. Ndf3 cxd4 12. Nxc6 Bxc6 13. Nxd4 Rc8 14. O-O Nd7 15. Rfe1 Nc5 16. Bc2 Qf6 17. Qg4 Bd7 18. Re3 h6 19. Re5 Ba4 20. b3 Bd7 21. Rae1 Rfe8 22. Qg3 a5 23. h4 b5 24. f5 exf5 25. Rxe8+ Rxe8 26. Rxe8+ Bxe8 27. Qb8 Kf8 28. Nxb5 Qxh4 29. Nc7 Qe7 30. Nxd5 Qe1+ 31. Kh2 Qxf2 32. Qd6+ Kg8 33. Bxf5 Ne4 34. Qb8 Kf8 35. Qe5 Qh4+ 36. Bh3 Nf2 37. Qd6+ Kg8 38. Qg3 Qxg3+ 39. Kxg3 Nd1 40. Bg4 Nb2 41. Be2 Kf8 42. Kf4 Bc6 43. c4 Ke8 44. Ke5 Kd7 45. Kd4 a4 46. Kc3 a3 47. Kb4 f5 48. Kxa3 Bxd5 49. cxd5 g5 50. Kxb2 g4 51. Bd3 1-0

[Event "Polgar Challenge 2021"]
[Site "Online"]
[Date "2021.04.04"]
[Round "19.3"]
[White "Keymer, Vincent"]
[Black "Yoo, Christopher Woojin"]
[Result "0-1"]
[ECO "A50"]
[WhiteElo "2591"]
[BlackElo "2455"]
[Annotator "ChessBase"]
[PlyCount "86"]
[EventDate "2021.04.08"]
[EventType "tourn"]
[EventCountry "NET"]
[SourceTitle "playchess.com"]
[Source "ChessBase"]
[SourceQuality "1"]
[TimeControl "600+5"]

1. d4 Nf6 2. c4 b6 3. Nc3 Bb7 4. Qc2 d5 5. cxd5 Nxd5 6. e4 Nxc3 7. bxc3 e5 8. dxe5 Nd7 9. Nf3 Qe7 10. Bb5 O-O-O 11. O-O a6 12. Bxd7+ Qxd7 13. Bg5 Be7 14. Rad1 Qe6 15. Bxe7 Qxe7 16. Rd4 c5 17. Rxd8+ Rxd8 18. h3 h6 19. a4 Bc6 20. Rb1 b5 21. axb5 axb5 22. Ra1 Qb7 23. Re1 Qd7 24. Qa2 Kb8 25. Qa3 Qa7 26. Qc1 Qa2 27. Qf4 Kb7 28. Nh4 Qd2 29. Qxd2 Rxd2 30. Nf5 Kb6 31. Nxg7 b4 32. cxb4 cxb4 33. Nf5 b3 34. Nd6 Bb5 35. Re3 Rd1+ 36. Kh2 b2 37. Rb3 b1=Q 38. Rxb1 Rxb1 39. Nxf7 h5 40. g4 h4 41. g5 Be2 42. Kg2 Rb3 43. f4 Bf3+ 0-1

[Event "Polgar Challenge 2021"]
[Site "Online"]
[Date "2021.04.04"]
[Round "19.6"]
[White "Khademalsharieh, Sarasadat"]
[Black "Salimova, Nurgyul"]
[Result "1-0"]
[ECO "D27"]
[WhiteElo "2494"]
[BlackElo "2397"]
[Annotator "ChessBase"]
[PlyCount "95"]
[EventDate "2021.04.08"]
[EventType "tourn"]
[EventCountry "NET"]
[SourceTitle "playchess.com"]
[Source "ChessBase"]
[SourceQuality "1"]
[TimeControl "600+5"]

1. d4 Nf6 2. c4 e6 3. Nf3 d5 4. Nc3 dxc4 5. e3 a6 6. a4 c5 7. Bxc4 Nc6 8. O-O cxd4 9. exd4 Be7 10. Bg5 O-O 11. Re1 Nb4 12. Qe2 Bd7 13. Ne5 Rc8 14. Rad1 Be8 15. Bb3 Qc7 16. Qf3 Nc6 17. Qh3 Qb6 18. Bxe6 fxe6 19. Qxe6+ Kh8 20. Qxc8 Qxb2 21. Bxf6 gxf6 22. Nxc6 Bxc6 23. Qh3 Bb4 24. Re3 Qc2 25. Rf1 Bxc3 26. Rxc3 Qe4 27. Rg3 Rg8 28. Rxg8+ Kxg8 29. Qg3+ Kf7 30. a5 Qd5 31. h4 Qxa5 32. Qg4 Qd5 33. h5 Qe4 34. Qxe4 Bxe4 35. f3 Bc6 36. Ra1 Ke6 37. Kf2 Kf5 38. g4+ Kf4 39. Ra5 Bd7 40. Rd5 Be6 41. Rd6 Bc8 42. Rxf6+ Kg5 43. Rf8 Be6 44. Kg3 Bc4 45. f4+ Kh6 46. Rc8 Be6 47. Rc7 Bd5 48. Kh4 1-0

[Event "Polgar Challenge 2021"]
[Site "Online"]
[Date "2021.04.04"]
[Round "19.8"]
[White "Murzin, Volodar"]
[Black "Yip, Carissa"]
[Result "1-0"]
[ECO "C95"]
[WhiteElo "2478"]
[BlackElo "2430"]
[Annotator "ChessBase"]
[PlyCount "99"]
[EventDate "2021.04.08"]
[EventType "tourn"]
[EventCountry "NET"]
[SourceTitle "playchess.com"]
[Source "ChessBase"]
[SourceQuality "1"]
[TimeControl "600+5"]

1. e4 e5 2. Nf3 Nc6 3. Bb5 a6 4. Ba4 Nf6 5. O-O Be7 6. Re1 b5 7. Bb3 d6 8. c3 O-O 9. h3 Nb8 10. d4 Nbd7 11. c4 c6 12. Nc3 b4 13. Na4 c5 14. d5 Ne8 15. Bc2 a5 16. b3 g6 17. a3 Ng7 18. Nb2 Nb6 19. Bd2 f5 20. Qe2 f4 21. axb4 axb4 22. Rxa8 Nxa8 23. Ra1 Nb6 24. Nd3 g5 25. Ra7 Bf6 26. Nh2 h5 27. Bd1 Bd7 28. Qe1 Qb8 29. Ra2 Rd8 30. Be2 Be8 31. Qa1 Bg6 32. f3 Rd7 33. Ra6 Bd8 34. Be1 Ne8 35. Bf2 Nf6 36. Nxe5 dxe5 37. Bxc5 g4 38. Kh1 Qb7 39. Bg1 Bxe4 40. fxe4 Nxe4 41. Nxg4 Ng3+ 42. Kh2 Nxe2 43. Nxe5 Rg7 44. Bxb6 f3 45. gxf3 Nf4 46. Bxd8 Qc8 47. Ng4 hxg4 48. fxg4 Qc5 49. Bb6 Qd6 50. Bd4 1-0

[Event "Polgar Challenge 2021"]
[Site "Online"]
[Date "2021.04.04"]
[Round "19.9"]
[White "Mammadzada, Gunay"]
[Black "Lei, Tingjie"]
[Result "0-1"]
[ECO "C67"]
[WhiteElo "2443"]
[BlackElo "2505"]
[Annotator "RC"]
[PlyCount "130"]
[EventDate "2021.04.08"]
[EventType "tourn"]
[EventCountry "NET"]
[SourceTitle "playchess.com"]
[Source "ChessBase"]
[SourceQuality "1"]
[TimeControl "600+5"]

1. e4 e5 2. Nf3 Nc6 3. Bb5 Nf6 4. O-O Nxe4 5. Re1 Nd6 6. Nxe5 Be7 7. Bf1 Nxe5 8. Rxe5 O-O 9. d4 Bf6 10. Re1 Re8 11. c3 Rxe1 12. Qxe1 Ne8 13. d5 d6 14. Nd2 c6 15. Ne4 Be7 16. Bf4 cxd5 17. Ng3 Be6 18. Bd3 Bg5 19. Qe3 Bxf4 20. Qxf4 Qf6 21. Qb4 Qe7 22. Re1 Qd7 23. Ne2 a5 24. Qb6 Qc7 25. Qe3 Nf6 26. Nd4 Re8 27. Qg3 Bd7 28. Rxe8+ Nxe8 29. Qe3 Qd8 30. f3 Nf6 31. Be2 Kf8 32. g4 h6 33. Kf2 Qe7 34. Qxe7+ Kxe7 35. Ke3 g5 36. h3 h5 37. Bd3 hxg4 38. hxg4 Be6 39. b3 Nd7 40. Nc2 Ne5 41. Be2 Ng6 42. Bd3 Nf4 43. Bh7 Kf6 44. Nd4 Ke5 45. Bc2 Bd7 46. Bb1 Ng2+ 47. Kf2 Nh4 48. Kg3 f5 49. f4+ Kf6 50. fxg5+ Kxg5 51. gxf5 Bxf5 52. Nxf5 Nxf5+ 53. Kf3 d4 54. cxd4 Nxd4+ 55. Ke4 Nb5 56. Kd3 Kf4 57. a4 Nc7 58. Kd4 b6 59. Bc2 Kf3 60. Bd3 Kf2 61. Kc4 Ke3 62. Bf1 d5+ 63. Kc3 Ne6 64. b4 Nd4 65. Ba6 Nf5 0-1